 Dungeon Crawl Stone Soup version 0.27-a0-1196-g3e9cee4cb2 (webtiles) character file.

Game seed: 1687560951036392113

1028 streetpizza the Ducker (level 8, -11/58 HPs)
             Began as a Djinni Fire Elementalist on May 27, 2021.
             Mangled by an orc warrior
             ... wielding a +0 scimitar
              (16 damage)
             ... on level 6 of the Dungeon.
             The game lasted 00:23:48 (7479 turns).

streetpizza the Ducker (Djinni Fire Elementalist)   Turns: 7479, Time: 00:23:49

Health: -11/58     AC:  2    Str:  7    XL:     8   Next: 47%
Gold:   213        EV: 14    Int: 19    God:
                   SH:  0    Dex: 14

rFire    + + .     SeeInvis .   l - +0 whip (elec)
rCold    . . .     Faith    .   (no shield)
rNeg     . . .     Spirit   .   a - +0 robe
rPois    ∞         Reflect  .   (no helmet)
rElec    .         Harm     .   (no cloak)
rCorr    .         Rampage  .   (no gloves)
Will     .....                  (boots unavailable)
Stlth    ++........             (no amulet)
HPRegen  0.19/turn              s - ring of protection from cold
MPRegen  0.00/turn              (no ring)

@: flying
A: sickness immunity, fire resistance 2, cold vulnerability 1, float, innate
caster, hp casting, extra vitality 1
a: no special abilities


You were on level 6 of the Dungeon.
You visited 2 branches of the dungeon, and saw 7 of its levels.

You collected 213 gold pieces.

Inventory:

Hand Weapons
 l - a +0 whip of electrocution (weapon)
 n - a +1 falchion of holy wrath
Missiles
 r - 5 atropa-tipped darts
Armour
 a - a +0 robe (worn)
Jewellery
 s - a ring of protection from cold (left hand)
 t - an amulet of magic regeneration
 w - a +4 ring of protection
Wands
 o - a wand of acid (10)
Scrolls
 b - a scroll of immolation {unknown}
 e - 4 scrolls of identify {unknown}
 j - a scroll of noise {unknown}
 k - 2 scrolls of amnesia {unknown}
 q - 2 scrolls of silence {unknown}
Potions
 c - 2 potions of berserk rage {unknown}
 d - 2 potions of ambrosia {unknown}
 f - a potion of invisibility {unknown}
 g - 2 potions of haste {unknown}
 h - a potion of attraction {unknown}
 i - a potion of mutation {unknown}
 m - a potion of heal wounds {unknown}
 p - a potion of curing {unknown}
 u - a potion of lignification {unknown}
 v - a potion of brilliance {unknown}


   Skills:
 + Level 4.6 Fighting
 + Level 3.1 Long Blades
 + Level 5.7 Dodging
 - Level 1.5 Stealth
 + Level 4.5 Spellcasting


You couldn't memorise any spells.
You knew the following spells:

 Your Spells              Type           Power      Damage    Failure   Level
a - Foxfire               Conj/Fire      84%        2x1d8     1%          1
b - Conjure Flame         Conj/Fire      21%        6-21      6%          3
c - Inner Flame           Hex/Fire       21%        N/A       6%          3
d - Sticky Flame          Conj/Fire      21%        2d4       21%         4
e - Fireball              Conj/Fire      10%        3d6       50%         5
f - Beastly Appendage     Tmut           42%        N/A       1%          1
g - Searing Ray           Conj           42%        3d4       3%          2
h - Spider Form           Tmut/Pois      10%        N/A       6%          3
Your spell library was empty.

Dungeon Overview and Level Annotations

Branches:
Dungeon (6/15)             Temple (1/1) D:5

Altars:
Ashenzari
Cheibriados
Dithmenos
Elyvilon
Fedhas
Gozag
Hepliaklqana
Kikubaaqudgha
Nemelex Xobeh
Okawaru
Qazlal
Ru
Sif Muna
Trog
Uskayaw
Vehumet
Wu Jian
Xom
Yredelemnul
Zin
The Shining One


Innate Abilities, Weirdness & Mutations

You are immune to sickness and miasma.
You are immune to poison.
Your flesh is very heat resistant. (rF++)
You are vulnerable to cold. (rC-)
You float through the air rather than walking.
You learn spells naturally, not from books.
Your magical power is your life essence.
You have superior vitality. (+4 HP)


Message History

Aim: an orc, wielding a +0 dagger and wearing a +0 scale mail (81% to hit)
The searing ray hits the orc warrior.
The orc warrior is lightly wounded.
The searing ray hits the orc.
The orc is moderately wounded. (Press . to maintain the ray.)
The searing ray hits the orc warrior but does no damage.
The orc warrior is lightly wounded.
The searing ray hits the orc.
You kill the orc!
The orc warrior hits you with a +0 scimitar!
The searing ray hits the orc warrior.
The orc warrior is moderately wounded.
The orc warrior hits you with a +0 scimitar!
The searing ray hits the orc warrior.
The orc warrior is heavily wounded.
You finish channeling your searing ray.
The orc warrior barely misses you.
Casting: Searing Ray (safe; 3% risk of failure)
Confirm with . or Enter, or press ? or * to list all spells.
Aiming: Searing Ray (safe; 3% risk of failure)
Press: ? - help, Shift-Dir - straight line, f - orc warrior
Aim: an orc warrior, wielding a +0 scimitar and wearing a +0 plate armour (heavily wounded, 78% to hit)
The searing ray hits the orc warrior.
The orc warrior is severely wounded. (Press . to maintain the ray.)
The orc warrior hits you with a +0 scimitar!
* * * LOW HITPOINT WARNING * * *
The searing ray misses the orc warrior.
* * * LOW HITPOINT WARNING * * *
The orc warrior completely misses you.
The searing ray hits the orc warrior!
The orc warrior is almost dead.
* * * LOW HITPOINT WARNING * * *
The orc warrior barely misses you.
The searing ray hits the orc warrior but does no damage.
The orc warrior is almost dead.
* * * LOW HITPOINT WARNING * * *
You finish channeling your searing ray.
The orc warrior hits you with a +0 scimitar!
You die...

#......###....###
#.####..††......#
#.####.####.8#8.##
#.#<...# #.#(#..#
#.#########.8#8..#
#................#
##############...#
#..## #@## #o# #)#
#.# #.# #.# #.#
#.# . #.####


You could see an orc warrior.

Vanquished Creatures
  A water moccasin (D:5)
  A sky beast (D:5)
  A necrophage (D:5)
  3 scorpions
  2 centaur zombies (D:5)
  A bullfrog zombie (D:3)
  2 hounds (D:5)
  2 iguanas (D:5)
  4 orc wizards
  A hound skeleton (D:4)
  3 gnolls (D:3)
  8 adders
  An ufetubus (D:5)
  An adder skeleton (D:4)
  4 worms
  6 dart slugs
  20 orcs
  7 endoplasms
  2 giant cockroaches (D:1)
  9 goblins
  7 hobgoblins
  14 jackals
  5 quokkas
  8 ball pythons
  A bat (D:2)
  A frilled lizard (D:1)
  4 kobolds
  4 rats
123 creatures vanquished.

Vanquished Creatures (others)
  96 foxfires
96 creatures vanquished.

Grand Total: 219 creatures vanquished

Notes
Turn   | Place    | Note
-------+----------+-------------------------------------------
     0 | D:1      | streetpizza the Djinni Fire Elementalist began the quest
                  | for the Orb.
     0 | D:1      | Reached XP level 1. HP: 15/15 MP: 0/0
   530 | D:1      | Reached XP level 2. HP: 4/22 MP: 0/0
  1170 | D:1      | Reached skill level 1 in Fighting
  1440 | D:1      | Reached XP level 3. HP: 25/27 MP: 0/0
  1440 | D:1      | Learned a level 1 spell: Beastly Appendage
  1637 | D:1      | Identified Alapuke's Volume of the Several Eyes
  2194 | D:2      | Reached skill level 3 in Dodging
  2212 | D:2      | Reached XP level 4. HP: 30/33 MP: 0/0
  2999 | D:3      | Reached XP level 5. HP: 30/38 MP: 0/0
  2999 | D:3      | Learned a level 2 spell: Searing Ray
  3829 | D:3      | Reached skill level 4 in Dodging
  3829 | D:3      | Reached XP level 6. HP: 31/45 MP: 0/0
  4604 | D:4      | Reached skill level 1 in Long Blades
  5314 | D:5      | Entered Level 5 of the Dungeon
  5416 | D:5      | Reached XP level 7. HP: 41/50 MP: 0/0
  5416 | D:5      | Learned a level 3 spell: Spider Form
  5500 | D:5      | Noticed a water moccasin
  5524 | D:5      | Killed a water moccasin
  5897 | D:5      | Reached skill level 5 in Dodging
  6047 | D:5      | Reached XP level 8. HP: 10/58 MP: 0/0
  6549 | D:5      | Found a staircase to the Ecumenical Temple.
  6559 | Temple   | Entered the Ecumenical Temple
  7479 | D:6      | Mangled by an orc warrior

Illustrated notes

Levels and vault maps discovered:
D:1:      eino_arrival_cavern_e, layout_loops_ring, minmay_3d_cube
D:2:      layout_rooms
D:3:      layout_loops_ring
D:4:      layout_cave_pools, grunt_ministairs_2
D:5:      layout_loops_corners, minmay_temple_entry_drinking_statues,
          kennysheep_donut
D:6:      layout_basic, lemuel_tele_altar, ebering_ghost_sewer_d,
          chequers_serial_rivers_large_b, minmay_statues_item,
          interstate_on_off, minmay_pentangle
Temple:   compressed_dpeg_circular_temple

Skill      XL: |  1  2  3  4  5  6  7  8 |
---------------+-------------------------+-----
Fighting       | 1 2 3 4 |  4.6
Dodging        | 3 4 5 |  5.7
Spellcasting   | 3 4 |  4.5
Long Blades    | 1 2 3 |  3.1
Stealth        | |  1.5

Action                   |  1- 3 |  4- 6 |  7- 9 || total
-------------------------+-------+-------+-------++-------
Melee: Unarmed           |     4 |       |     9 ||    13
       Whip              |    15 |   113 |    19 ||   147
 Cast: Foxfire           |    44 |    10 |       ||    54
       Searing Ray       |       |    18 |    15 ||    33
       Conjure Flame     |       |       |     1 ||     1
       Spider Form       |       |       |     1 ||     1
 Stab: Sleeping          |     2 |     3 |     1 ||     6
Armor: Robe              |     8 |    14 |     7 ||    29
       Skin              |       |       |     2 ||     2
Dodge: Dodged            |    51 |   101 |    36 ||   188

Table legend: (Time is in decaauts)
 A = Elapsed time spent in this place.
 B = Non-inter-level travel time spent in this place.
 C = Inter-level travel time spent in this place.
 D = Time resting spent in this place.
 E = Time spent auto-exploring this place.
 F = Levels seen in this place.
 G = Mean time per level.
                   A        B        C        D        E       F      G
               +--------+--------+--------+--------+--------+-----+--------+
         Total |   7496 |   7232 |    264 |    243 |   5941 |   7 | 1070.9 |
       Dungeon |   7404 |   7154 |    250 |    243 |   5867 |   6 | 1234.0 |
        Temple |     92 |     78 |     14 |      0 |     74 |   1 |   92.0 |
               +--------+--------+--------+--------+--------+-----+--------+

Top non-repeatable levels by time:
     D:5: 1849 daAuts
     D:1: 1691 daAuts
     D:3: 1407 daAuts
     D:2: 1276 daAuts
     D:4: 1004 daAuts
     D:6: 175 daAuts
  Temple: 92 daAuts
